 Dungeon Crawl Stone Soup version 0.21.1-1-g345015f (webtiles) character file.

1422 inc the Nimble (level 8, -3/38 HPs)
             Began as a Felid Chaos Knight on Feb 23, 2018.
             Slain by a troll (4 damage)
             ... on level 9 of the Dungeon.
             The game lasted 00:16:25 (6806 turns).

inc the Nimble (Felid Chaos Knight)                 Turns: 6806, Time: 00:16:26

Health: -3/38      AC:  4    Str:  8      XL:     8   Next: 44%
Magic:  0/18       EV: 29    Int: 15 (16) God:    Xom [...*..]
Gold:   100        SH:  0    Dex: 15      Spells: 7/7 levels left
                                        Lives:  0   Deaths: 2

rFire    . . .     SeeInvis +     - Unarmed
rCold    . . .     Gourm    .   (shield unavailable)
rNeg     . . .     Faith    .   (armour unavailable)
rPois    +         Spirit   +   (helmet unavailable)
rElec    .         Reflect  .   (cloak unavailable)
rCorr    .         Harm     .   (gloves unavailable)
MR       ++...                  (boots unavailable)
Stlth    ++........             w - amulet of guardian spirit
HPRegen  0.12/turn              c - ring of magical power
MPRegen  0.16/turn              d - +1 ring of protection

@: quick
A: very small, no armour, no weapons or thrown items, stealth, claws 1, fangs 3,
rugged brown scales 1, see invisible, carnivore, deterioration 1, speed 1, magic
resistance 1, poison resistance, robust 1, shaggy fur 2, slow metabolism 1,
sharp paws
a: Renounce Religion


You were on level 9 of the Dungeon.
You worshipped Xom.
You were a favourite toy of Xom.
You were not hungry.

You visited 1 branch of the dungeon, and saw 9 of its levels.

You collected 326 gold pieces.
You spent 226 gold pieces at shops.

Inventory:

Jewellery
 c - a ring of magical power (left paw)
 d - a +1 ring of protection (right paw)
 m - an uncursed amulet of rage
 p - a -3 ring of strength
 r - an uncursed ring of fire
 s - an uncursed ring of protection from magic
 t - a cursed amulet of the gourmand
 v - an uncursed amulet of harm
 w - an amulet of guardian spirit (around neck)
Wands
 h - a wand of paralysis (9)
 l - a wand of random effects (19)
 z - a wand of digging (14)
 B - a wand of enslavement (18)
Scrolls
 e - 2 scrolls of magic mapping {unknown}
 f - 4 scrolls of remove curse
 g - a scroll of vulnerability {unknown}
 i - a scroll of immolation {unknown}
 k - a scroll of enchant weapon {unknown}
 n - a scroll of enchant armour {unknown}
 o - 2 scrolls of amnesia {unknown}
 q - 2 scrolls of teleportation
 x - 3 scrolls of identify
 y - 2 scrolls of noise {unknown}
 C - a scroll of fog {unknown}
Potions
 b - a potion of lignification
 j - a potion of degeneration
 u - a potion of mutation
Comestibles
 a - 8 rations


   Skills:
 - Level 3.0 Fighting
 + Level 14.4 Dodging
 - Level 7.4 Unarmed Combat


You had 7 spell levels left.
You didn't know any spells.

Dungeon Overview and Level Annotations

Branches:
Dungeon (9/15)             Temple (0/1) D:5
   Lair: D:8-11         Orc: D:9-12

Altars:
Cheibriados
Dithmenos
Fedhas
Gozag
Kikubaaqudgha
Nemelex Xobeh
Uskayaw
Xom
Zin
The Shining One

Shops:
D:4 *   D:6 ([**}

Annotations:
D:4 Dowan, Duvessa
D:5 5 runed doors, 1994's ghost, novice OgBe
D:8 Grum


Innate Abilities, Weirdness & Mutations

You cannot wear armour.
You are incapable of wielding weapons or throwing items.
Your paws allow you to move quietly. (Stealth)
You have sharp claws.
You have razor-sharp teeth.
You have supernaturally acute eyesight. (SInv)
You are carnivorous and can eat meat at any time.
You cover ground quickly.
You are covered in thick fur. (AC +2)
You have a slow metabolism.
Your sharp claws are effective at attacking unaware monsters.
You are partially covered in rugged brown scales. (AC +1, +3% HP)
Your body sometimes deteriorates upon taking damage.
You are resistant to hostile enchantments. (MR+)
Your system is resistant to poisons. (rPois)
You are robust. (+10% HP)


Message History

Okay, then.
Okay, then.
You claw the troll!
The troll is moderately wounded.
The troll completely misses you. x2; The troll claws you.
* * * LOW HITPOINT WARNING * * *
You closely miss the troll.
The troll is moderately wounded.
The shadow imp hits you but does no damage.
The troll misses you. The troll completely misses you. x2
You closely miss the troll.
The troll is moderately wounded.
The shadow imp gestures at you. Pain shoots through your body!
* * * LOW HITPOINT WARNING * * *
The troll bites you.
* * * LOW HITPOINT WARNING * * *
The troll claws you.
You die...
Xom howls with laughter!

##### #...#
#.@T# #.5.#
#...#
#...###
#..<..#
#...#...y..
#...######.
#...# #...#


You could see a troll and a shadow imp.

Vanquished Creatures
  Pikel (D:6)
  Sigmund (D:4)
  A black bear (D:7)
  An ice beast (D:6)
  A necrophage (D:7)
  2 slaves (D:6)
  5 ogres
  2 centaurs (D:7)
  A big kobold (D:8)
  Blork the orc (D:5)
  2 bullfrogs
  A scorpion (D:6)
  A jelly (D:6)
  A water moccasin skeleton (D:5)
  2 killer bees
  3 howler monkeys
  4 crimson imps
  A bullfrog zombie (D:4)
  2 orc wizards (D:7)
  3 hounds
  4 orc priests (D:7)
  A bullfrog skeleton (D:6)
  2 centaur skeletons (D:5)
  2 iguanas
  A worker ant (D:4)
  A hound zombie (D:6)
  A howler monkey skeleton (D:4)
  5 adders
  2 shadow imps
  An ooze (D:6)
  2 dart slugs
  5 leopard geckos
  10 orcs
  4 giant cockroaches
  2 goblins (D:1)
  4 hobgoblins
  2 jackals (D:4)
  3 quokkas
  5 ball pythons
  3 bats
  4 frilled lizards
  A giant cockroach zombie (D:3)
  9 kobolds
  A quokka zombie (D:6)
  6 rats
117 creatures vanquished.

Vanquished Creatures (collateral kills)
  A bullfrog (D:6)
  An orc priest (D:6)
  An orc wizard (D:6)
  A worker ant (D:7)
  A hound zombie (D:6)
  A leopard gecko (D:6)
  4 orcs
10 creatures vanquished.

Vanquished Creatures (others)
  An ice beast (D:4)
  A hound skeleton (D:4)
  A plant (D:3)
3 creatures vanquished.

Grand Total: 130 creatures vanquished

Notes
Turn   | Place    | Note
-------+----------+-------------------------------------------
     0 | D:1      | inc the Felid Chaos Knight began the quest for the Orb.
     0 | D:1      | Reached XP level 1. HP: 10/10 MP: 2/2
   352 | D:1      | XOM: give mutations
   352 | D:1      | Gained mutation: You are robust. (+10% HP) [Xom's grace]
   352 | D:1      | Gained mutation: You are partially covered in rugged brown scales. (AC +1, +3% HP) [Xom's grace]
   504 | D:1      | Reached XP level 2. HP: 15/15 MP: 3/3
   804 | D:1      | XOM: god gift: wand of paralysis (9)
   820 | D:1      | XOM: confuse monster(s)
   912 | D:1      | XOM is BORED!
   912 | D:1      | XOM: mild Necr miscast
  1387 | D:2      | Reached XP level 3. HP: 19/19 MP: 4/4
  1502 | D:2      | XOM: confusion (+ monsters)
  1580 | D:3      | Noticed a bullfrog
  1598 | D:3      | Killed a bullfrog
  1598 | D:3      | Reached skill level 5 in Unarmed Combat
  1598 | D:3      | Reached XP level 4. HP: 9/23 MP: 5/5
  1669 | D:3      | XOM: harmless Air miscast
  2243 | D:3      | Found an opulent altar of Gozag.
  2253 | D:3      | Found a shimmering altar of Xom.
  2436 | D:3      | XOM: mild Fire miscast
  2794 | D:3      | XOM: noise
  2840 | D:4      | Found a hide-covered altar of Uskayaw.
  2847 | D:4      | Noticed a hand axe
  2848 | D:4      | Noticed a hand axe
  2868 | D:4      | Found Niygugakh's General Store.
  2873 | D:4      | Noticed Sigmund
  2874 | D:4      | XOM: summons 4 friendly demons
  2880 | D:4      | Noticed an ice beast
  2883 | D:4      | Reached XP level 5. HP: 26/27 MP: 6/6
  2893 | D:4      | Killed an ice beast
  2893 | D:4      | XOM: divine lightning
  2897 | D:4      | XOM: scenery: create altars
  2898 | D:4      | XOM: divination: detect creatures
  2901 | D:4      | Killed Sigmund
  2901 | D:4      | Gained mutation: You are covered in thick fur. (AC +2) [Felid growth]
  2901 | D:4      | Reached XP level 6. HP: 24/31 MP: 7/7
  2945 | D:4      | Bought a scroll of teleportation for 30 gold pieces
  2985 | D:4      | Found a sparkling altar of Nemelex Xobeh.
  3081 | D:4      | Noticed Duvessa
  3085 | D:4      | Noticed Dowan
  3085 | D:4      | XOM: harmless Hex miscast
  3163 | D:5      | Entered Level 5 of the Dungeon
  3202 | D:5      | Noticed a soldier ant
  3210 | D:5      | XOM: harmless Ice miscast
  3211 | D:5      | Found the +9 staff of Olgreb {rPois}
  3212 | D:5      | Found a runed door.
  3223 | D:5      | Noticed a soldier ant
  3224 | D:5      | Found a runed gate.
  3225 | D:5      | Found a runed door.
  3236 | D:5      | Found a runed gate.
  3236 | D:5      | Found a runed gate.
  3239 | D:5      | Noticed a water moccasin
  3276 | D:5      | Reached skill level 4 in Dodging
  3363 | D:5      | Reached skill level 5 in Dodging
  3363 | D:5      | Reached XP level 7. HP: 35/35 MP: 8/8
  3381 | D:5      | Noticed 1994's ghost (novice OgBe)
  3382 | D:5      | Noticed Blork the orc
  3470 | D:5      | XOM: give mutations
  3470 | D:5      | Gained mutation: You are dopey. (Int -2) [Xom's mischief]
  3482 | D:5      | Reached skill level 6 in Dodging
  3497 | D:5      | XOM: 1-stop teleportation journey
  3593 | D:5      | Found a glowing silver altar of Zin.
  3660 | D:5      | Found a shadowy altar of Dithmenos.
  3661 | D:5      | Found an ancient bone altar of Kikubaaqudgha.
  3665 | D:5      | Reached skill level 7 in Dodging
  3672 | D:5      | Found a snail-covered altar of Cheibriados.
  3699 | D:5      | Found a staircase to the Ecumenical Temple.
  3701 | D:5      | XOM: medium Chrm miscast
  3827 | D:5      | Killed Blork the orc
  4040 | D:6      | Found Widaus's Gadget Shop.
  4044 | D:6      | Found Caibrash's General Store.
  4052 | D:6      | XOM: harmless Summ miscast
  4059 | D:6      | XOM: summons 7 friendly demons
  4060 | D:6      | Reached skill level 8 in Dodging
  4121 | D:6      | XOM: blink monster(s)
  4282 | D:6      | Bought a scroll of identify for 28 gold pieces
  4385 | D:6      | XOM: give mutations
  4395 | D:6      | Found a hide-covered altar of Uskayaw.
  4407 | D:6      | XOM: enchant monster (good)
  4420 | D:6      | Reached skill level 9 in Dodging
  4420 | D:6      | Reached XP level 8. HP: 38/38 MP: 9/9
  4531 | D:6      | Found Lashen's Assorted Antiques.
  4539 | D:6      | Bought a scroll of teleportation for 72 gold pieces
  4570 | D:6      | XOM: 3-stop teleportation journey
  4605 | D:6      | Reached skill level 10 in Dodging
  4665 | D:6      | Found Bum Wausiule's Weapon Boutique.
  4681 | D:6      | Found Puurghid's Armour Shoppe.
  4910 | D:6      | Noticed Pikel
  4920 | D:6      | Slain by Pikel
  4921 | D:6      | Reached XP level 7. HP: -5/35 MP: 0/17
  4937 | D:6      | Bought a scroll of identify for 48 gold pieces
  4938 | D:6      | Bought a scroll of identify for 48 gold pieces
  4966 | D:7      | XOM: god gift: 38 gold pieces
  5161 | D:7      | Reached skill level 11 in Dodging
  5196 | D:7      | XOM: give mutations
  5196 | D:7      | Gained mutation: Your system is resistant to poisons. (rPois) [Xom's grace]
  5196 | D:7      | Gained mutation: You are very robust. (+20% HP) [Xom's grace]
  5196 | D:7      | Gained mutation: You are resistant to hostile enchantments. (MR+) [Xom's grace]
  5235 | D:7      | XOM: cleaving
  5238 | D:7      | Reached XP level 8. HP: 21/41 MP: 2/9
  5405 | D:6      | XOM: enchant monster (bad)
  5423 | D:6      | Killed Pikel
  5423 | D:6      | Reached skill level 12 in Dodging
  5491 | D:6      | XOM: give mutation
  5491 | D:6      | Lost mutation: You are dopey. (Int -2) [Xom's mischief]
  5515 | D:6      | XOM: give mutations
  5515 | D:6      | Lost mutation: You are very robust. (+20% HP) [Xom's mischief]
  5515 | D:6      | Gained mutation: Your body sometimes deteriorates upon taking damage. [Xom's mischief]
  5579 | D:7      | XOM: cleaving
  5581 | D:7      | Reached skill level 13 in Dodging
  5594 | D:7      | XOM: swap monsters
  5626 | D:7      | Slain by a bullfrog
  5627 | D:7      | Reached XP level 7. HP: -1/35 MP: 0/17
  5776 | D:7      | Reached XP level 8. HP: 36/38 MP: 9/9
  5845 | D:7      | XOM: harmless Conj miscast
  6000 | D:7      | XOM: cast spell 'Leda's Liquefaction'
  6017 | D:7      | Found a blossoming altar of Fedhas.
  6089 | D:7      | XOM: mild Tmut miscast
  6117 | D:7      | XOM: polymorph orc warrior -> worker ant
  6467 | D:7      | Found a glowing golden altar of the Shining One.
  6547 | D:8      | Reached skill level 14 in Dodging
  6632 | D:8      | XOM: cleaving
  6678 | D:8      | Found a snail-covered altar of Cheibriados.
  6678 | D:8      | XOM: swap monsters
  6679 | D:8      | Noticed Grum
  6793 | D:9      | Noticed a troll
  6802 | D:9      | XOM: severe Chrm miscast
  6806 | D:9      | HP: 1/38 [troll (3)]
  6806 | D:9      | Slain by a troll

Skill      XL: |  1  2  3  4  5  6  7  8 |
---------------+-------------------------+-----
Unarmed Combat | 4 5 7 |  7.4
Dodging        | 5 11 14 | 14.4
Fighting       | |  3.0

Action                   |  1- 3 |  4- 6 |  7- 9 || total
-------------------------+-------+-------+-------++-------
Melee: Unarmed           |    83 |    84 |   382 ||   549
       Bite              |     4 |     8 |    35 ||    47
       Punch             |       |       |    10 ||    10
  Use: Scroll            |       |     3 |     7 ||    10
       Potion            |       |     1 |     3 ||     4
 Stab: Sleeping          |     4 |       |     3 ||     7
       Distracted        |       |     1 |     1 ||     2
  Eat: Chunk             |     3 |     9 |    10 ||    22
Armor: Skin              |     6 |     3 |    25 ||    34
Dodge: Dodged            |    76 |    74 |   349 ||   499
